 Dungeon Crawl Stone Soup version 0.27-a0-13-g87abb2d9eb (webtiles) character file.

Game seed: 505084644973470540

101 dolemite99 the Chiller (level 4, -1/30 HPs)
             Began as a Merfolk Ice Elementalist on Jan 3, 2021.
             Killed from afar by a white imp (9 damage)
             ... with a puff of frost
             ... summoned by Natasha
             ... on level 3 of the Dungeon.
             The game lasted 00:05:23 (3376 turns).

dolemite99 the Chiller (Merfolk Ice Elementalist)   Turns: 3376, Time: 00:05:24

Health: -1/30      AC:  6    Str:  9    XL:     4   Next: 75%
Magic:  0/7        EV: 12    Int: 14    God:
Gold:   160        SH:  0    Dex: 14    Spells: 3/7 levels left

rFire    . . .     SeeInvis .   q - +0 dagger
rCold    . . .     Faith    .   (no shield)
rNeg     . . .     Spirit   .   o - +0 leather armour
rPois    .         Reflect  .   b - +0 helmet
rElec    .         Harm     .   k - +0 cloak
rCorr    .         Rampage  .   t - +0 pair of gloves
Will     .....                  (no boots)
Stlth    ++........             (no amulet)
HPRegen  0.10/turn              (no ring)
MPRegen  0.10/turn              (no ring)

@: lethally poisoned (-1 -> -10)
A: change form in water, swift swim, stealthy swim
a: no special abilities


You were on level 3 of the Dungeon.
You visited 1 branch of the dungeon, and saw 3 of its levels.

You collected 160 gold pieces.

Inventory:

Hand Weapons
 i - a +0 club
 q - a +0 dagger (weapon)
 v - a +0 hunting sling
 x - a +0 hunting sling
Missiles
 g - 137 stones
 w - 26 bolts
 A - 5 sling bullets
Armour
 a - a +0 robe
 b - a +0 helmet (worn)
 d - a +0 ring mail
 k - a +0 cloak (worn)
 o - a +0 leather armour (worn)
 t - a +0 pair of gloves (worn)
 B - a +0 pair of gloves
Jewellery
 m - a +6 ring of strength {unknown}
 u - an uncursed ring of positive energy
Scrolls
 c - 3 scrolls of identify {unknown}
 e - a scroll of teleportation {unknown}
 p - 2 scrolls of remove curse {unknown}
 r - a scroll of fear {unknown}
 s - 2 scrolls of enchant armour {unknown}
 y - a scroll of random uselessness {unknown}
Potions
 f - a potion of attraction {unknown}
 h - a potion of brilliance {unknown}
 j - a potion of curing {unknown}
 l - a potion of degeneration {unknown}
 n - a potion of heal wounds {unknown}
 z - a potion of lignification {unknown}


   Skills:
 - Level 2.6 Dodging
 - Level 2.1 Stealth
 - Level 2.0 Spellcasting
 + Level 6.6 Ice Magic


You had 3 spell levels left.
You knew the following spells:

 Your Spells              Type           Power        Failure   Level
a - Freeze                Ice            76%          2%          1
b - Frozen Ramparts       Ice            38%          7%          3

Your spell library contained the following spells:

 Spells                   Type           Power        Failure   Level
 Ozocubu's Armour         Ice            19%          7%          3
 Hailstorm                Conj/Ice       10%          65%         4
 Summon Ice Beast         Ice/Summ       10%          65%         4


Dungeon Overview and Level Annotations

Branches:
Dungeon (3/15)

Altars:

Annotations:
D:3 Natasha


Message History

You freeze Natasha!
Natasha is severely wounded.
You feel sick. Natasha casts a spell at you. The magic dart hits you.
Casting: Freeze (safe; 2% risk of failure)
Confirm with . or Enter, or press ? or * to list all spells.
Aiming: Freeze (safe; 2% risk of failure)
Press: ? - help, Shift-Dir - straight line, f/p - Natasha
Aim: Natasha, carrying a wand of digging (1) (severely wounded)
You freeze Natasha.
Natasha is severely wounded.
Natasha casts a spell.
You hit Natasha but do no damage.
Natasha is severely wounded.
You feel sick.
The crimson imp blinks!
Natasha claws you.
* * * LOW HITPOINT WARNING * * *
The white imp gestures at you. The puff of frost hits you!
You die...

## #.# #.# ### #.########.# #.#
#.......# ##.# #.#####.#
#.####@#####.#####.####
#.########...5§h5..........#.....
#.....$h...##.########.###.#.....
#..........5..................###
#...........##########.###.#..#
......5.....# #######.# #.#..#
....[.#####... ........###.#..#
...... .#######........#..#
...... .# #...........#..###


You could see Natasha, 2 crimson imps and a white imp (summoned).

Vanquished Creatures
  Ijyb (D:3)
  An adder (D:2)
  4 worms
  A dart slug (D:3)
  A leopard gecko (D:2)
  2 ball pythons
  A giant cockroach (D:3)
  6 goblins
  5 hobgoblins
  2 jackals (D:3)
  8 kobolds
  2 quokkas (D:2)
  9 bats
  A frilled lizard (D:2)
  8 rats
52 creatures vanquished.

Notes
Turn   | Place    | Note
-------+----------+-------------------------------------------
     0 | D:1      | dolemite99 the Merfolk Ice Elementalist began the quest for
                  | the Orb.
     0 | D:1      | Reached XP level 1. HP: 13/13 MP: 3/3
   549 | D:1      | Reached XP level 2. HP: 17/19 MP: 3/5
   757 | D:1      | Reached skill level 5 in Ice Magic
  1414 | D:2      | Reached XP level 3. HP: 24/24 MP: 4/6
  2495 | D:2      | Found a faded altar of an unknown god.
  2611 | D:3      | Reached skill level 6 in Ice Magic
  2907 | D:3      | Reached XP level 4. HP: 30/30 MP: 5/7
  3213 | D:3      | Learned a level 3 spell: Frozen Ramparts
  3347 | D:3      | Noticed Ijyb
  3350 | D:3      | Noticed Natasha
  3368 | D:3      | Killed Ijyb
  3376 | D:3      | Killed from afar by a white imp

Illustrated notes

Levels and vault maps discovered:
D:1:      minmay_arrival_hallway, layout_rooms
D:2:      layout_loops_ring, chequers_ecumenical_altar_island,
          kennysheep_generic_room_13
D:3:      layout_basic, uniq_ijyb, uniq_natasha

Skill      XL: |  1  2  3 |
---------------+----------+-----
Ice Magic      | 5 6 |  6.6
Dodging        | |  2.6
Stealth        | |  2.1
Spellcasting   | |  2.0

Action                   |  1- 3 |  4- 6 || total
-------------------------+-------+-------++-------
Melee: Unarmed           |     1 |       ||     1
       Club              |     3 |       ||     3
       Dagger            |     7 |    12 ||    19
 Cast: Freeze            |    55 |    21 ||    76
       Frozen Ramparts   |       |     1 ||     1
Armor: Robe              |     6 |       ||     6
       Leather armour    |    26 |    11 ||    37
Dodge: Dodged            |    70 |    11 ||    81

Table legend: (Time is in decaauts)
 A = Elapsed time spent in this place.
 B = Non-inter-level travel time spent in this place.
 C = Inter-level travel time spent in this place.
 D = Time resting spent in this place.
 E = Time spent auto-exploring this place.
 F = Levels seen in this place.
 G = Mean time per level.
                   A        B        C        D        E       F      G
               +--------+--------+--------+--------+--------+-----+--------+
         Total |   3375 |   3337 |     38 |   1709 |    923 |   3 | 1125.0 |
       Dungeon |   3375 |   3337 |     38 |   1709 |    923 |   3 | 1125.0 |
               +--------+--------+--------+--------+--------+-----+--------+

Top non-repeatable levels by time:
     D:2: 1362 daAuts
     D:1: 1148 daAuts
     D:3: 864 daAuts
